Map: Site Delta LE

Players

LiquidClem (Clem) - Winner!

  • Race: Terran Terran
  • League: Grandmaster
  • Spawn Location: 5:00

VITRyung (Ryung)

  • Race: Terran Terran
  • Spawn Location: 11:00

Event: HomeStory Cup XXV

VOD

Have the link to the VOD?

Description

Time

  • Played on: June 21, 2024, 10:29 a.m.
  • Length: 9:05

All games in this series

Show
View Real Time Build Order
Export as new Build Order

LiquidClem Terran - Winner!

Build Orders: Cyclone Opening, Gas First Reaper Expand 

Get SALT Encoding   

  12  0:00  SCV  
  13  0:12  SCV  
  14  0:16  Supply Depot  
  14  0:24  SCV  
  14  0:26  Refinery  
  15  0:38  SCV  
  16  0:43  Barracks  
  16  0:50  SCV  
  17  1:02  SCV  
  18  1:14  SCV  
  19  1:29  Orbital Command, Reaper  
  20  1:40  Command Center  
  20  1:51  Factory  
  20  1:56  SCV  
  21  2:03  Barracks Reactor  
  21  2:05  Supply Depot  
  21  2:09  SCV  
  21  2:14  Refinery  
  22  2:21  SCV  
  23  2:33  SCV  
  23  2:34  Hellion  
  26  2:39  Starport  
  26  2:40  Marine x2  
  28  2:45  SCV  
  29  2:51  Orbital Command  
  29  2:57  SCV  
  30  2:59  Cyclone  
  30  3:02  Marine  
  30  3:03  Marine  
  34  3:09  SCV  
  35  3:16  Medivac  
  35  3:17  SCV  
  35  3:19  Refinery  
  38  3:21  SCV, Marine  
  38  3:24  Marine  
  41  3:29  Supply Depot  
  41  3:30  SCV  
  41  3:33  SCV  
  43  3:36  Cyclone  
  45  3:42  SCV  
  45  3:47  Starport Tech Lab  
  46  3:51  SCV  
  46  3:52  Marine x2  
  46  3:54  SCV  
  46  3:55  Supply Depot  
  50  4:03  SCV  
  50  4:06  Raven, Interference Matrix  
  50  4:07  SCV  
  54  4:10  Factory Tech Lab  
  54  4:16  Supply Depot, SCV, Marine x2  
  57  4:19  SCV  
  58  4:28  Siege Tank  
  58  4:29  SCV  
  58  4:31  SCV  
  61  4:37  Command Center  
  56  4:41  Marine x2  
  56  4:43  SCV  
  57  4:48  Raven  
  57  4:49  SCV  
  60  4:55  SCV  
  60  4:56  Supply Depot  
  61  5:01  Siege Tank, SCV  
  66  5:07  SCV  
  66  5:10  Supply Depot, Refinery  
  66  5:13  SCV  
  67  5:19  SCV  
  67  5:20  Barracks  
  68  5:22  Barracks  
  68  5:26  SCV  
  69  5:30  Marine  
  69  5:32  SCV  
  69  5:33  Siege Tank  
  74  5:36  Viking  
  74  5:37  Viking  
  74  5:40  SCV  
  74  5:42  Stimpack  
  79  5:44  SCV  
  79  5:48  Supply Depot  
  80  5:50  Orbital Command  
  80  5:52  Marine  
  80  5:54  SCV  
  80  5:56  SCV  
  83  6:01  Engineering Bay  
  83  6:07  Liberator  
  83  6:08  Engineering Bay  
  83  6:09  Liberator  
  89  6:15  Siege Tank  
  89  6:17  SCV  
  94  6:18  SCV  
  94  6:19  Orbital Command  
  94  6:23  Supply Depot  
  94  6:24  Barracks Reactor x2  
  94  6:25  Marine  
  94  6:29  SCV  
  94  6:31  Supply Depot, SCV  
  97  6:41  SCV  
  97  6:42  Terran Infantry Weapons Level 1, Terran Infantry Armor Level 1  
  97  6:43  Marine  
  97  6:44  SCV  
  99  6:47  SCV  
  100  6:54  Siege Tank  
  100  6:57  SCV  
  100  7:01  SCV  
  105  7:02  Supply Depot, Barracks x2  
  105  7:03  Marine  
  105  7:04  Marine x2  
  105  7:05  Marine  
  105  7:07  Marine  
  110  7:09  SCV  
  110  7:13  Viking  
  113  7:17  Viking  
  113  7:21  Supply Depot, SCV x3, Marine  
  113  7:22  Marine  
  120  7:27  Marine  
  120  7:29  Siege Tank  
  124  7:33  SCV  
  124  7:34  Marine  
  124  7:36  Marine  
  127  7:42  Orbital Command  
  66  7:44  Marine, Viking  
  124  7:45  Marine  
  124  7:46  SCV, Marine  
  124  7:47  SCV, Viking  
  127  7:52  Marine, Barracks Reactor x2  
  127  7:54  Marine  
  128  7:59  Orbital Command  
  128  8:00  Supply Depot  
  128  8:01  Siege Tank  
  128  8:02  Supply Depot, Marine x2  
  133  8:06  SCV  
  133  8:08  SCV  
  133  8:16  Marine x3  
  133  8:17  Viking  
  117  8:20  Marine x2  
  117  8:25  SCV x2  
  110  8:28  SCV  
  110  8:30  Marine  
  110  8:31  Marine  
  110  8:33  Marine  
  114  8:35  Armory  
  114  8:41  Marine x4  
  117  8:42  Marine  
  117  8:44  Marine  
Show
View Real Time Build Order
Export as new Build Order

VITRyung Terran 

Build Orders: Cyclone Opening, Mech 

Get SALT Encoding   

  12  0:00  SCV  
  13  0:12  SCV  
  14  0:17  Supply Depot  
  14  0:24  SCV  
  15  0:38  SCV  
  15  0:39  Barracks  
  16  0:43  Refinery  
  16  0:50  SCV  
  16  0:52  Refinery  
  17  1:03  SCV  
  18  1:15  SCV  
  19  1:27  Orbital Command, Reaper  
  19  1:32  Supply Depot  
  20  1:40  Factory  
  20  1:52  SCV  
  21  1:59  Reaper  
  22  2:04  SCV  
  23  2:15  Command Center  
  23  2:18  SCV  
  24  2:23  Cyclone  
  26  2:30  SCV  
  27  2:38  Starport  
  27  2:42  SCV  
  28  2:45  Supply Depot  
  28  2:46  Barracks Tech Lab  
  28  2:54  SCV  
  28  2:56  Cyclone  
  31  3:07  SCV  
  32  3:13  Barracks Reactor  
  32  3:19  SCV, Banshee  
  36  3:30  Orbital Command  
  36  3:31  SCV  
  37  3:34  Factory Tech Lab  
  37  3:43  SCV  
  37  3:46  Command Center  
  38  3:53  Siege Tank  
  38  3:55  SCV  
  42  3:57  SCV  
  42  4:01  Refinery  
  43  4:07  SCV  
  43  4:08  Marine x2  
  43  4:09  SCV  
  47  4:14  Raven  
  49  4:20  SCV  
  49  4:21  SCV  
  46  4:30  Marine x2  
  42  4:32  SCV  
  42  4:33  SCV  
  42  4:38  Siege Tank  
  46  4:44  SCV  
  46  4:45  SCV  
  48  4:48  Marine x2  
  47  4:56  SCV  
  47  4:57  SCV  
  49  5:00  Orbital Command  
  49  5:02  Raven  
  49  5:06  Marine x2  
  53  5:08  SCV  
  53  5:09  SCV  
  53  5:10  Interference Matrix  
  53  5:11  Refinery  
  55  5:20  SCV  
  56  5:21  SCV  
  56  5:23  Marine x2  
  56  5:26  Siege Tank, SCV  
  63  5:32  SCV  
  63  5:33  SCV  
  65  5:39  SCV  
  65  5:40  Supply Depot  
  66  5:44  Raven, Supply Depot, SCV  
  69  5:51  Orbital Command  
  69  6:01  SCV, Barracks, Siege Tank  
  69  6:03  Supply Depot, Barracks  
  73  6:05  SCV  
  73  6:14  SCV  
  73  6:17  SCV  
  75  6:22  SCV  
  76  6:26  SCV, Viking  
  76  6:27  Supply Depot, Marine, Viking  
  76  6:29  SCV  
  83  6:34  Siege Tank, SCV  
  83  6:38  SCV  
  88  6:42  SCV  
  89  6:51  Engineering Bay x2  
  89  6:54  Orbital Command  
  89  6:57  SCV x2  
  89  6:59  Viking x2  
  84  7:06  Siege Tank  
  84  7:07  Marine x3  
  87  7:25  Marine x2  
  87  7:27  Barracks  
  87  7:28  Barracks  
  87  7:29  Viking  
  91  7:43  Marine  
  87  7:45  Siege Tank  
  87  7:49  Factory x2  
  88  7:52  Viking  
  88  7:55  SCV x2  
  90  8:06  Orbital Command  
  90  8:07  SCV x2  
  90  8:08  Supply Depot  
  90  8:09  Supply Depot  
  90  8:10  Supply Depot x2  
  92  8:18  Siege Tank  
  87  8:24  SCV x2  
  76  8:30  Barracks Reactor, Viking  
  76  8:33  SCV  
  72  8:36  SCV x2, Factory Tech Lab  
  72  8:37  Factory Reactor  
  74  8:43  Refinery  
  74  8:45  SCV  
  75  8:48  SCV x2, Refinery  
  75  8:50  Armory  
  75  8:51  Command Center  
Tags
 
Add a new tag
Caveats
  • Supply blocks, unpowered buildings, or Contaminate may cause inaccurate times.
  • Supply counts are checked every 10 seconds.